AoeStats
← Cuidadyn

Arabian Desert

510146567Analyzed
1v1 RM · 18h ago on Sep 29, 2026· 35m 45s· 2 players
Game mode
Random Map
Map size
Tiny (2 player)
Population
200
Speed
Normal
Resources
Standard
Victory
Conquest
Starting age
Dark Age
Ending age
Imperial Age
RankedLock teamsTeams togetherTeam positionsShared explorationLock speedFull tech treeHidden civsTurbo modeCheats
Victory
Defeat
🇪🇸 Magyars · Spain
663
+14
🇲🇽 Gurjaras · Mexico
619
-14
FaridHD
10:39 Feudal Age
17:57 Castle Age
19:40 Double-Bit Axe
21:42 Bow Saw
23:30 Forging
Cuidadyn
11:54 Feudal Age
15:42 Double-Bit Axe
16:08 Scale Barding Armor
16:18 Bloodlines
23:48 Castle Age
21:57 Fletching
22:07 Padded Archer Armor
25:13 Bodkin Arrow
25:00 Crossbowman
25:44 Light Cavalry
28:45 Wheelbarrow
27:55 Town Watch
33:43 Chain Barding Armor
33:39 Leather Archer Armor
33:27 Corvinian Army
35:00 Thumb Ring
Connection lost

Rejoining the realm…

Still unreachable

The connection could not be restored.

Session expired

The server has moved on; the page needs a fresh start.